 Dungeon Crawl Stone Soup version 0.22-a0-445-g8c8ef71 (webtiles) character file.

209 Gorglomux the Covered (level 5, -2/50 HPs)
             Began as a Deep Dwarf Fighter on June 2, 2018.
             Splashed by Ijyb's acid (13 damage)
             ... on level 4 of the Dungeon.
             The game lasted 00:01:00 (922 turns).

Gorglomux the Covered (Deep Dwarf Fighter)           Turns: 922, Time: 00:01:00

Health: -2/50      AC:  7    Str: 21    XL:     5   Next: 55%
Magic:  3/3        EV:  7    Int:  8    God:
Gold:   69         SH: 10    Dex: 12    Spells: 4/4 levels left

rFire    . . .     SeeInvis .   a - +0 war axe
rCold    . . .     Gourm    .   c - +0 shield
rNeg     . . .     Faith    .   b - +0 scale mail
rPois    .         Spirit   .   (no helmet)
rElec    .         Reflect  .   (no cloak)
rCorr    .         Harm     .   (no gloves)
MR       .....                  (no boots)
Stlth    ..........             (no amulet)
HPRegen  0.00/turn              (no ring)
MPRegen  0.08/turn              (no ring)

@: non-regenerating
A: damage resistance, heal wounds, sense surroundings 1, no regeneration
a: Heal Wounds


You were on level 4 of the Dungeon.
You were not hungry.

You visited 1 branch of the dungeon, and saw 4 of its levels.

You collected 69 gold pieces.

Inventory:

Hand Weapons
 a - a +0 war axe (weapon)
Armour
 b - a +0 scale mail (worn)
 c - a +0 shield (worn)
Scrolls
 h - 2 scrolls of identify {unknown}
 k - 3 scrolls of remove curse {unknown}
 m - a scroll of enchant weapon {unknown}
Potions
 d - a potion of might
 g - 3 potions of degeneration {unknown}
 i - a potion of invisibility {unknown}
 l - a potion of haste {unknown}
 n - a potion of brilliance {unknown}
 o - a potion of agility {unknown}
 p - a potion of flight {unknown}
Comestibles
 f - 8 rations
 j - 2 chunks of flesh


   Skills:
 + Level 3.7 Fighting
 + Level 3.6 Axes
 + Level 4.5 Armour
 + Level 4.4 Shields


You had 4 spell levels left.
You didn't know any spells.
Your spell library was empty.

Dungeon Overview and Level Annotations

Branches:
Dungeon (4/15)
 Temple: D:4-7

Altars:
Fedhas

Annotations:
D:4 1 runed door, Ijyb


Innate Abilities, Weirdness & Mutations

You are resistant to damage.
You can heal yourself by infusing magical energy.
You passively map a small area around you.
You do not regenerate.


Message History

You see here 13 poisoned needles!
Key pressed, stopping explore!
Unknown command!
Found a pair of gloves!
Unknown command!
Some of the chunks of butt in your inventory have rotted away!
An ogre comes into view! It is wielding a giant club!
The ogre shouts!!!
You hear a shout!!!
An ogre is nearby!!!
Ijyb the Butt Goblin comes into view!
She is wielding a club!
There are monsters nearby!!!
You barely miss the ogre! You block the ogre's attack!
You dice the ogre but do no damage! The ogre hits you with a giant club!!!
There are monsters nearby!!!
You barely miss the ogre! The ogre hits you with a giant club!!!
You barely miss the ogre! The ogre barely misses you!
Ijyb zaps a wand!
The bolt of acid hits you!!! * * * don't die
* * * You are splashed with acid!!!
The acid burns!!! rip

....... ,
...##.........##
....... *
###.######.#
......., *, ,
#.# ### ..(....
* #.# ....... ,
* ##.# ....## ,*
#..## * * ...##
, #...# * * ..##
, ##...#** ...
*#@...# * ..
......O.......#
. ,
......g.......#
*
..............#
..............#
...............#
.............#.#
.............. ,


You could see an ogre and Ijyb.

Vanquished Creatures
  An orc priest (D:3)
  An iguana (D:4)
  2 worker ants (D:4)
  4 gnolls (D:3)
  2 adders
  4 leopard geckos
  5 orcs (D:3)
  A ball python (D:1)
  A giant cockroach (D:3)
  5 hobgoblins
  2 jackals (D:4)
  4 kobolds
  2 quokkas
  6 bats
  4 frilled lizards
  A quokka skeleton (D:4)
  2 rats (D:3)
47 creatures vanquished.

Notes
Turn   | Place    | Note
-------+----------+-------------------------------------------
     0 | D:1      | Gorglomux the Deep Dwarf Fighter began the quest for the Orb.
     0 | D:1      | Reached XP level 1. HP: 20/20 MP: 1/1
   149 | D:1      | Reached XP level 2. HP: 22/27 MP: 2/2
   206 | D:2      | Reached skill level 3 in Fighting
   241 | D:2      | Reached XP level 3. HP: 28/34 MP: 3/3
   293 | D:3      | Found a blossoming altar of Fedhas.
   495 | D:3      | Reached skill level 3 in Axes
   495 | D:3      | Reached XP level 4. HP: 29/42 MP: 3/3
   654 | D:4      | Found a runed door.
   677 | D:4      | Reached XP level 5. HP: 11/49 MP: 4/4
   916 | D:4      | Noticed an ogre
   918 | D:4      | Noticed Ijyb
   922 | D:4      | Splashed by Ijyb's acid

Vault maps used:
D:1:      ebering_trefoil_3fold
D:2:      marbit_many_paths, nicolae_overflow_crystal_walls,
          chequers_ecumenical_altar_grove, uniq_jessica
D:3:      nicolae_dithmenos_shadow_blocks, first_ration, fedhas_altar_2
D:4:      lemuel_crystal_altar, uniq_menkaure, uniq_crazy_yiuf_cottage,
          uniq_ijyb, uniq_edmund

Skill      XL: |  1  2  3 |
---------------+----------+-----
Fighting       | 3 |  3.7
Axes           | 3 |  3.6
Armour         | 4 |  4.5
Shields        | 4 |  4.4

Action                   |  1- 3 |  4- 6 || total
-------------------------+-------+-------++-------
Melee: War axe           |   147 |    50 ||   197
 Abil: Heal Wounds       |     2 |     4 ||     6
  Eat: Chunk             |       |     1 ||     1
Armor: Scale mail        |    68 |    15 ||    83
Dodge: Dodged            |    48 |    28 ||    76
Block: Shield            |    88 |    29 ||   117

Table legend:
 A = Spawn XP
 B = Non-spawn XP
 C = Spawn XP percentage of total XP
 D = Spawn monster count
 E = Non-spawn monster count
 F = Spawn count percentage of total count
 G = Total turns spent on level
                    A         B        C        D         E        F      G
               +---------+---------+-------+---------+---------+-------+---------
         Total |       0 |     299 |   0.0 |       0 |      47 |   0.0 |   922
               +---------+---------+-------+---------+---------+-------+---------
           D:1 |       0 |      16 |   0.0 |       0 |      10 |   0.0 |   194
           D:2 |       0 |      31 |   0.0 |       0 |      11 |   0.0 |    99
           D:3 |       0 |     139 |   0.0 |       0 |      19 |   0.0 |   347
           D:4 |       0 |     113 |   0.0 |       0 |       7 |   0.0 |   282
               +---------+---------+-------+---------+---------+-------+---------
